[Event "Titled Tuesday Blitz October 31 Late 2023"]
[White "Wartiovaara, Oliver"]
[Black "Federzoni, Enzo"]
[WhiteFideId "513024"]
[BlackFideId "2173301"]
[WhiteElo "2556"]
[BlackElo "2352"]
[Result "0-1"]
[Round "3"]
[TimeControl "180+1"]
[Date "2023.10.31"]
[WhiteClock "0:01:59"]
[BlackClock "0:02:10"]
[Board "102"]

1. e4 c5 2. Nf3 e6 3. g3 Nc6 4. Bg2 d6 5. O-O Nf6 6. Qe2 Be7 7. c3 O-O 8. d4 cxd4 9. cxd4 d5 10. e5 Ne4 11. Rd1 b6 12. Nbd2 Nxd2 13. Bxd2 a5 14. h4 Ba6 15. Qe3 Rc8 16. h5 h6 17. Rac1 Qd7 18. Qf4 Be2 19. Re1 Bxf3 20. Bxf3 Bg5 0-1


[Site "https://www.chess.com"]

[Event "Titled Tuesday Blitz October 31 Late 2023"]
[White "Aldokhin, Ivan"]
[Black "Lopez Del Alamo, Antonio"]
[WhiteFideId "24115720"]
[BlackFideId "2227339"]
[WhiteElo "2554"]
[BlackElo "2352"]
[Result "1-0"]
[Round "3"]
[TimeControl "180+1"]
[Date "2023.10.31"]
[WhiteClock "0:01:42"]
[BlackClock "0:00:55"]
[Board "103"]

1. e4 c5 2. Nf3 e6 3. d4 cxd4 4. Nxd4 Nf6 5. Nc3 Nc6 6. Nxc6 bxc6 7. Bd3 d5 8. Qe2 Be7 9. Bf4 O-O 10. O-O Qa5 11. Rad1 d4 12. Nb1 e5 13. Bg3 Be6 14. Nd2 Nd7 15. Nc4 Qc5 16. a3 a5 17. b3 f6 18. a4 Nb6 19. Nxb6 Qxb6 20. f4 exf4 21. Bxf4 c5 22. h3 Rac8 23. Qh5 c4 24. bxc4 Bxc4 25. Bxc4+ Rxc4 26. Qd5+ 1-0


[Site "https://www.chess.com"]

[Event "Titled Tuesday Blitz October 31 Late 2023"]
[White "Jesseinkman"]
[Black "Ribeiro, Matheus Mendes Domingues"]
[BlackFideId "324226923"]
[WhiteElo "2339"]
[BlackElo "2548"]
[Result "0-1"]
[Round "3"]
[TimeControl "180+1"]
[Date "2023.10.31"]
[WhiteClock "0:01:00"]
[BlackClock "0:01:37"]
[Board "104"]

1. d4 d5 2. Nf3 e6 3. e3 Nf6 4. b3 Bd6 5. Bb2 O-O 6. Bd3 Nbd7 7. O-O Qe7 8. Ne5 c5 9. Nd2 b6 10. f4 Bb7 11. Qf3 Rac8 12. a3 Rc7 13. g4 c4 14. g5 cxd3 15. gxf6 gxf6 16. cxd3 fxe5 17. fxe5 Rc2 18. exd6 Qxd6 19. Bc1 f5 20. Kh1 Kh8 21. Rg1 Nf6 22. Nc4 Qxh2# 0-1


[Site "https://www.chess.com"]

[Event "Titled Tuesday Blitz October 31 Late 2023"]
[White "Golubev, Mikhail"]
[Black "Lalanne, Pablo"]
[WhiteFideId "14100983"]
[BlackFideId "112151"]
[WhiteElo "2547"]
[BlackElo "2324"]
[Result "1/2-1/2"]
[Round "3"]
[TimeControl "180+1"]
[Date "2023.10.31"]
[WhiteClock "0:00:07"]
[BlackClock "0:00:09"]
[Board "105"]

1. e4 c5 2. Nf3 d6 3. d4 cxd4 4. Nxd4 Nf6 5. Nc3 Nc6 6. Bc4 Qb6 7. Nxc6 bxc6 8. O-O g6 9. Qe1 Bg7 10. e5 dxe5 11. Qxe5 Qb4 12. Bb3 O-O 13. a3 Qd6 14. Bf4 Qxe5 15. Bxe5 Bf5 16. Rad1 Rfd8 17. Na4 Ne4 18. Bxg7 Kxg7 19. Rxd8 Rxd8 20. g4 Bc8 21. f3 Nd2 22. Rf2 Nxb3 23. cxb3 Rd1+ 24. Kg2 Be6 25. Nc5 Bd5 26. b4 Rd4 27. h3 h6 28. Kg3 e5 29. Re2 f6 30. Rc2 Rd1 31. Rc3 Rg1+ 32. Kf2 Rb1 33. Rc2 Kf7 34. Nb7 Ke6 35. Nd8+ Kd7 36. Nb7 Ke6 37. Nc5+ Kd6 38. Nb7+ Kc7 39. Nc5 Kd6 40. Nb7+ Kc7 41. Na5 Kd6 42. h4 f5 43. g5 hxg5 44. hxg5 e4 45. fxe4 fxe4 46. Nb7+ Ke5 47. Nc5 Rh1 48. Ke3 Rh3+ 49. Kd2 Rh2+ 50. Kc3 Rxc2+ 51. Kxc2 Kf4 52. Kd2 Kxg5 53. Ke3 Kf5 54. a4 Ke5 55. b5 cxb5 56. axb5 g5 57. Na4 g4 58. b6 axb6 59. Nxb6 Bc6 60. Nc4+ Ke6 61. Kf2 Kd5 62. Ne3+ Kd4 63. Nxg4 Bd7 64. Ne3 Be6 65. Ke2 Kc5 66. Kd2 Kb4 67. Ke2 Kb3 68. Nd1 Kc2 69. Nc3 Kxb2 70. Nxe4 1/2-1/2


[Site "https://www.chess.com"]

[Event "Titled Tuesday Blitz October 31 Late 2023"]
[White "dodoucb"]
[Black "Shapiro, Daniel"]
[BlackFideId "2001780"]
[WhiteElo "2542"]
[BlackElo "2320"]
[Result "1-0"]
[Round "3"]
[TimeControl "180+1"]
[Date "2023.10.31"]
[WhiteClock "0:00:25"]
[BlackClock "0:00:00"]
[Board "106"]

1. Nf3 Nf6 2. d4 b6 3. c4 e6 4. g3 c6 5. Bg2 d5 6. O-O Be7 7. b3 O-O 8. Nc3 Bb7 9. Bf4 Nbd7 10. Rc1 Ba6 11. Qd3 Rc8 12. e4 c5 13. e5 Ne8 14. Nb5 Bxb5 15. cxb5 Qc7 16. h4 h6 17. g4 f5 18. g5 hxg5 19. Nxg5 Bxg5 20. Bxg5 g6 21. Qg3 Kf7 22. Rfe1 Ng7 23. Bh6 Rh8 24. Bxg7 Kxg7 25. Bf3 Qd8 26. h5 g5 27. Kg2 g4 28. Be2 Rxh5 29. Rh1 Qg5 30. Rxh5 Qxh5 31. Rh1 Qg6 32. Qh4 Rg8 33. Qe7+ Qf7 34. Rh7+ 1-0


[Site "https://www.chess.com"]

[Event "Titled Tuesday Blitz October 31 Late 2023"]
[White "Blomqvist, Erik"]
[Black "Tikhonov, Viacheslav"]
[WhiteFideId "1709437"]
[BlackFideId "44196407"]
[WhiteElo "2540"]
[BlackElo "2520"]
[Result "1-0"]
[Round "3"]
[TimeControl "180+1"]
[Date "2023.10.31"]
[WhiteClock "0:00:06"]
[BlackClock "0:00:07"]
[Board "107"]

1. e4 c5 2. Nf3 g6 3. c3 Bg7 4. d4 cxd4 5. cxd4 d5 6. e5 a6 7. Bd3 Nc6 8. h3 f6 9. exf6 Nxf6 10. O-O O-O 11. Re1 Qd6 12. Nc3 Nh5 13. Bf1 b5 14. Ne5 Nxe5 15. dxe5 Bxe5 16. Qxd5+ Qxd5 17. Nxd5 Bd4 18. Nxe7+ Kg7 19. Be3 Bxb2 20. Rad1 Rf7 21. g4 Nf6 22. Bg2 Rb8 23. Nc6 Rbb7 24. Nd8 Bc3 25. Nxf7 Rxf7 26. Re2 b4 27. Bd4 Bxd4 28. Rxd4 a5 29. Re5 Ra7 30. g5 Nh5 31. h4 Bf5 32. Rb5 Kf7 33. Rdd5 Be6 34. Rxa5 Rxa5 35. Rxa5 Ng7 36. Ra7+ Kf8 37. Be4 Kg8 38. Kh2 Kf8 39. Kg3 Kg8 40. Kf4 Bc4 41. Ke5 Kf8 42. Kd6 Be6 43. Rxg7 Kxg7 44. Kxe6 h5 45. Kd5 Kh7 46. Kc4 b3 47. Kxb3 Kh8 48. a4 Kg7 49. a5 Kf7 50. a6 Ke6 51. Bxg6 Ke5 52. Bxh5 Kf4 53. Be2 Kf5 54. a7 Kg6 55. a8=Q Kh7 56. Qc6 Kg8 57. h5 1-0


[Site "https://www.chess.com"]

[Event "Titled Tuesday Blitz October 31 Late 2023"]
[White "Fominykh, Maria"]
[Black "Avazkhonov, Alikhon"]
[WhiteFideId "4142411"]
[BlackFideId "14208504"]
[WhiteElo "2303"]
[BlackElo "2536"]
[Result "0-1"]
[Round "3"]
[TimeControl "180+1"]
[Date "2023.10.31"]
[WhiteClock "0:00:00"]
[BlackClock "0:00:08"]
[Board "108"]

1. d4 d5 2. c4 e6 3. Nc3 c6 4. e4 dxe4 5. Nxe4 Bb4+ 6. Bd2 Qxd4 7. Bxb4 Qxe4+ 8. Ne2 Na6 9. Bf8 Qe5 10. Qd2 Bd7 11. O-O-O O-O-O 12. Nc3 Nh6 13. Be7 Qa5 14. Bxd8 Rxd8 15. Kb1 e5 16. Ne4 Qxd2 17. Rxd2 Bf5 18. Rxd8+ Kxd8 19. f3 Nc5 20. Bd3 Ne6 21. Rd1 Ke7 22. Ng3 Bxd3+ 23. Rxd3 f5 24. b3 Nf4 25. Rd2 g6 26. Kc2 Nf7 27. Kc3 h5 28. Nf1 h4 29. g3 hxg3 30. hxg3 Ne6 31. Ne3 Nfg5 32. Rf2 Nd4 33. g4 Ndxf3 34. Rf1 f4 35. Ng2 Nh2 36. Rh1 Nxg4 37. Nh4 Kf7 38. Rg1 Ne4+ 39. Kc2 Nef6 40. Rf1 Kg7 41. Nf3 Ne3+ 42. Kd3 e4+ 43. Kd4 Nxf1 44. Ne5 g5 45. Nd7 Nxd7 46. Kxe4 Nf6+ 47. Kf3 Ne3 48. Kf2 Nf5 49. c5 Nd4 50. b4 g4 51. a4 Ne4+ 52. Kg2 f3+ 53. Kf1 g3 54. b5 g2+ 55. Kg1 Ne2+ 0-1


[Site "https://www.chess.com"]

[Event "Titled Tuesday Blitz October 31 Late 2023"]
[White "Osmak, Yuliia"]
[Black "Vifleemskaia, Svetlana"]
[WhiteFideId "14101602"]
[BlackFideId "4129490"]
[WhiteElo "2533"]
[BlackElo "2282"]
[Result "1-0"]
[Round "3"]
[TimeControl "180+1"]
[Date "2023.10.31"]
[WhiteClock "0:00:53"]
[BlackClock "0:00:03"]
[Board "109"]

1. e4 e5 2. Nf3 Nc6 3. Nc3 Nf6 4. a4 d5 5. Bb5 dxe4 6. Nxe5 Bd7 7. Nxc6 Bxc6 8. Bxc6+ bxc6 9. O-O Be7 10. Re1 O-O 11. Nxe4 Nxe4 12. Rxe4 Bf6 13. d3 Re8 14. Rxe8+ Qxe8 15. Rb1 c5 16. b3 Rd8 17. Qf1 Qe5 18. Bb2 Qf5 19. Bxf6 Qxf6 20. Re1 Qc3 21. Qe2 h6 22. h3 Rd6 23. Qe8+ Kh7 24. Re2 Qa1+ 25. Kh2 Qf1 26. Qe4+ Rg6 27. Rd2 f5 28. Qf3 Rg5 29. h4 Rg6 30. g3 Rf6 31. Rd1 1-0


[Site "https://www.chess.com"]

[Event "Titled Tuesday Blitz October 31 Late 2023"]
[White "Sramek, Vojtech"]
[Black "JackRodgers"]
[WhiteFideId "358681"]
[WhiteElo "2277"]
[BlackElo "2532"]
[Result "1/2-1/2"]
[Round "3"]
[TimeControl "180+1"]
[Date "2023.10.31"]
[WhiteClock "0:00:13"]
[BlackClock "0:00:08"]
[Board "110"]

1. e4 c5 2. Nf3 g6 3. d4 cxd4 4. Nxd4 Bg7 5. c4 Nc6 6. Be3 Nf6 7. Nc3 Nb4 8. Be2 O-O 9. O-O d6 10. f3 Be6 11. Qd2 Rc8 12. a3 Nc6 13. Nd5 Bxd5 14. cxd5 Nxd4 15. Bxd4 Nd7 16. Rfc1 Bxd4+ 17. Qxd4 Qb6 18. Qxb6 Nxb6 19. b3 Rxc1+ 20. Rxc1 Rc8 21. Rxc8+ Nxc8 22. Kf2 e6 23. dxe6 fxe6 24. Ke3 Kf7 25. Kd4 Ne7 26. Bb5 a6 27. Bd7 Kf6 28. b4 g5 29. a4 h5 30. g3 h4 31. b5 axb5 32. Bxb5 Ng6 33. a5 Ke7 34. Bc6 Kd8 35. Bxb7 Kc7 36. Ba6 Ne5 37. Ke3 Nc6 38. Bc4 e5 39. a6 Kb6 40. gxh4 gxh4 41. f4 exf4+ 42. Kxf4 Ne5 43. Be2 Ka7 44. Kf5 Nd7 45. Ke6 Nc5+ 46. Kxd6 Nxe4+ 47. Ke5 Nc3 48. Bf1 Nd1 49. Kf4 Kb6 50. Kf3 Ka7 51. h3 Kb6 52. Kg4 Ne3+ 53. Kxh4 Nxf1 54. Kg5 Ng3 55. h4 Kxa6 56. Kg4 Ne4 57. Kf4 Nf6 58. Kg5 Ne4+ 59. Kf5 Ng3+ 60. Kg4 Ne4 61. Kf3 Nf6 62. Kf4 Kb6 63. Kf5 Nh5 64. Kg5 Ng3 65. Kg4 Ne4 66. h5 Nf6+ 67. Kg5 Nxh5 1/2-1/2


[Site "https://www.chess.com"]

[Event "Titled Tuesday Blitz October 31 Late 2023"]
[White "Shubenkova, Veronika"]
[Black "Uddin, Mubassar"]
[WhiteFideId "44124040"]
[BlackFideId "2093944"]
[WhiteElo "2531"]
[BlackElo "2251"]
[Result "1-0"]
[Round "3"]
[TimeControl "180+1"]
[Date "2023.10.31"]
[WhiteClock "0:00:37"]
[BlackClock "0:00:00"]
[Board "111"]

1. e4 c6 2. d4 d5 3. Nc3 dxe4 4. Nxe4 Nf6 5. Nxf6+ exf6 6. c3 Bd6 7. Bd3 O-O 8. Qc2 Re8+ 9. Ne2 h5 10. Bd2 c5 11. O-O-O cxd4 12. Nxd4 Nc6 13. Nb5 Bc5 14. Be3 Qb6 15. Bxc5 Qxc5 16. Nc7 Be6 17. Nxa8 Qa5 18. a3 Rxa8 19. Rhe1 Rc8 20. Be4 Ne5 21. f4 Nc4 22. f5 Nxa3 23. bxa3 Rxc3 24. fxe6 Qxa3+ 25. Kd2 Rxc2+ 26. Bxc2 Qb4+ 27. Ke2 Qg4+ 28. Kf1 fxe6 29. Bb3 Qf5+ 30. Kg1 Qc5+ 31. Kh1 b5 32. Rxe6 Kh7 33. Re2 a5 34. Bc2+ Kh6 35. Rd8 g6 36. h4 Qb4 37. g3 a4 38. Rg8 f5 39. Re6 Qg4 40. Kh2 1-0


[Site "https://www.chess.com"]

[Event "Titled Tuesday Blitz October 31 Late 2023"]
[White "Manukyan, Artyom"]
[Black "Osmonbekov, Talaibek"]
[WhiteFideId "13305786"]
[BlackFideId "2017253"]
[WhiteElo "2530"]
[BlackElo "2243"]
[Result "1-0"]
[Round "3"]
[TimeControl "180+1"]
[Date "2023.10.31"]
[WhiteClock "0:01:35"]
[BlackClock "0:00:00"]
[Board "112"]

1. e4 c5 2. c3 d5 3. exd5 Qxd5 4. d4 Nf6 5. Nf3 e6 6. Be2 Be7 7. Be3 cxd4 8. cxd4 O-O 9. Nc3 Qd8 10. O-O b6 11. a3 Bb7 12. Rc1 Na6 13. Bf4 Nc7 14. Ne5 Ncd5 15. Bg3 Rc8 16. Bf3 a6 17. Re1 b5 18. Ne4 Rxc1 19. Qxc1 Nxe4 20. Bxe4 Bd6 21. Nc6 Qc7 22. Bxd5 Bxg3 23. hxg3 Rc8 24. Rxe6 fxe6 25. Bxe6+ Kh8 26. Bxc8 Qxc8 27. d5 Qd7 28. Qc5 h6 29. Qf8+ Kh7 30. Qc5 Kh8 31. b3 Kh7 32. a4 bxa4 33. bxa4 Kh8 34. a5 Kh7 35. Qc2+ Kh8 36. Qe4 Bxc6 37. dxc6 Qd1+ 38. Kh2 Qh5+ 39. Qh4 Qxa5 40. Qd4 Qh5+ 41. Kg1 1-0


[Site "https://www.chess.com"]

[Event "Titled Tuesday Blitz October 31 Late 2023"]
[White "D`Arruda, Ricardo D."]
[Black "Elbebiber"]
[WhiteFideId "100692"]
[WhiteElo "2529"]
[BlackElo "2162"]
[Result "1/2-1/2"]
[Round "3"]
[TimeControl "180+1"]
[Date "2023.10.31"]
[WhiteClock "0:00:38"]
[BlackClock "0:00:09"]
[Board "113"]

1. d4 e6 2. e4 d5 3. Nc3 dxe4 4. Nxe4 Bd7 5. Nf3 Bc6 6. Bd3 Nd7 7. O-O Ngf6 8. Qe2 Nxe4 9. Bxe4 Bxe4 10. Qxe4 c6 11. Bf4 Be7 12. c3 Nf6 13. Qe2 O-O 14. Rfe1 Re8 15. Rad1 Qa5 16. a3 Rad8 17. h3 Nd5 18. Bg3 Bd6 19. Ne5 Bxe5 20. Bxe5 Ne7 21. Qg4 Ng6 22. Bg3 Qb5 23. Rd2 Qf5 24. Qe2 Nf4 25. Qe4 Qxe4 26. Rxe4 Nd5 27. Rde2 Nf6 28. R4e3 Rd5 29. Be5 Nd7 30. Bg3 Nb6 31. Re1 h6 32. b3 Rd7 33. a4 Nd5 34. Rd3 Nf6 35. Red1 Red8 36. Be5 Nd5 37. Kf1 Ne7 38. g4 c5 39. Ke2 cxd4 40. Bxd4 a6 41. f4 Nc6 42. Bb6 Rxd3 43. Rxd3 Rxd3 44. Kxd3 Kf8 45. Ke4 Ke7 46. Bc5+ Ke8 47. b4 g6 48. f5 exf5+ 49. gxf5 Kd7 50. b5 axb5 51. axb5 Nd8 52. Ke5 gxf5 53. Kxf5 Ne6 54. Be3 h5 55. Kf6 Ke8 56. c4 Nc7 57. Kg5 Ke7 58. Kxh5 Kf6 59. Bf4 Ne6 60. Kg4 Nd4 61. h4 Nf5 62. h5 Nd4 63. Be3 Nb3 64. h6 Kg6 65. Kf3 Na5 66. c5 Nc4 67. c6 bxc6 68. bxc6 Ne5+ 69. Ke4 Nxc6 70. Bf4 Ne7 71. Bd2 Nf5 72. Ke5 Nxh6 73. Bxh6 Kxh6 74. Kf6 Kh5 75. Kxf7 1/2-1/2


[Site "https://www.chess.com"]

[Event "Titled Tuesday Blitz October 31 Late 2023"]
[White "Toncheva, Nadya"]
[Black "Petersson, Kjell"]
[WhiteFideId "2924056"]
[BlackFideId "1705148"]
[WhiteElo "2526"]
[BlackElo "2162"]
[Result "1-0"]
[Round "3"]
[TimeControl "180+1"]
[Date "2023.10.31"]
[WhiteClock "0:00:09"]
[BlackClock "0:00:04"]
[Board "114"]

1. d4 f5 2. c4 Nf6 3. Nc3 e6 4. e3 Bb4 5. Bd2 O-O 6. Bd3 b6 7. Nf3 Bb7 8. O-O d6 9. a3 Bxc3 10. Bxc3 Ne4 11. Nd2 Nd7 12. Bxe4 fxe4 13. Qg4 Rf6 14. Nxe4 Rg6 15. Qf3 Qh4 16. Nf6+ Nxf6 17. Qxb7 Rf8 18. g3 d5 19. Qxc7 Ne4 20. Bb4 Re8 21. cxd5 exd5 22. Qf4 Qh5 23. f3 Rh6 24. g4 Qh4 25. fxe4 Rf6 26. Qg3 Qh6 27. Rxf6 Qxf6 28. Rf1 Qg6 29. e5 h6 30. h3 Qe4 31. Qf3 Qc2 32. Qxd5+ Kh7 33. Qf7 Rc8 34. Qf5+ Qxf5 35. gxf5 Rc4 36. f6 Rc7 37. f7 a5 38. f8=Q 1-0


[Site "https://www.chess.com"]

[Event "Titled Tuesday Blitz October 31 Late 2023"]
[White "VitaliyChayka"]
[Black "Tologon tegin, Semetei"]
[BlackFideId "13800574"]
[WhiteElo "2159"]
[BlackElo "2524"]
[Result "0-1"]
[Round "3"]
[TimeControl "180+1"]
[Date "2023.10.31"]
[WhiteClock "0:00:00"]
[BlackClock "0:00:13"]
[Board "115"]

1. d4 Nc6 2. Bf4 d5 3. e3 Bf5 4. Nf3 e6 5. a3 Bd6 6. Bg3 Nf6 7. c4 O-O 8. Nc3 Re8 9. Ne5 Bxe5 10. dxe5 Ne4 11. Nxe4 Bxe4 12. f3 Bg6 13. Bd3 dxc4 14. Bxc4 Qe7 15. Qe2 Rad8 16. Kf2 a6 17. Rac1 Qg5 18. h4 Qh5 19. Bf4 Nxe5 20. g4 Nxg4+ 21. fxg4 Qa5 22. Rhd1 c6 23. Kf3 h5 24. Kg3 hxg4 25. Rxd8 Rxd8 26. Rd1 Rxd1 27. Qxd1 Bf5 28. Bd3 Qd5 29. Be2 Qa2 30. Be5 f6 31. Qd8+ Kf7 32. Qd7+ Kg6 33. Qe8+ Kh7 34. Qh5+ Kg8 35. Bxg4 Bxg4 36. Qxg4 fxe5 37. h5 Qd5 38. h6 Qd7 39. Kh2 Qf7 40. hxg7 Qf5 41. Qh4 Qh7 42. Qxh7+ Kxh7 43. Kg3 Kxg7 44. Kf3 Kg6 45. Ke4 Kf6 46. b4 b6 47. a4 a5 48. bxa5 bxa5 49. Kd3 Kf5 50. Kc4 Ke4 51. Kc5 Kxe3 52. Kxc6 Kd4 53. Kb5 e4 54. Kxa5 Kc5 55. Ka6 Kc6 56. Ka5 e3 57. Kb4 e2 58. Kc3 e1=Q+ 0-1


[Site "https://www.chess.com"]

[Event "Titled Tuesday Blitz October 31 Late 2023"]
[White "Andreassen, Lars"]
[Black "Gurevich, Dmitry"]
[WhiteFideId "1504878"]
[BlackFideId "2000407"]
[WhiteElo "2121"]
[BlackElo "2524"]
[Result "0-1"]
[Round "3"]
[TimeControl "180+1"]
[Date "2023.10.31"]
[WhiteClock "0:00:00"]
[BlackClock "0:00:15"]
[Board "116"]

1. d4 Nf6 2. Nf3 e6 3. Bg5 c5 4. e3 cxd4 5. exd4 b6 6. Bd3 Bb7 7. Nbd2 Be7 8. O-O O-O 9. Re1 d6 10. Qe2 a6 11. c3 Nbd7 12. Rad1 Re8 13. h3 Nf8 14. Ne4 Bxe4 15. Bxe4 Nxe4 16. Bxe7 Nxc3 17. Qc2 Qxe7 18. bxc3 Qc7 19. Qb3 b5 20. Re3 Rac8 21. Rde1 Nd7 22. Qa3 Qb6 23. Ng5 Nf6 24. Qb3 d5 25. Rg3 h6 26. Nf3 Ne4 27. Rxe4 dxe4 28. Ne5 f6 29. Nd7 Qd8 30. Nc5 Qd5 31. Qa3 Rc6 32. Qc1 Kh7 33. Qf4 Qf5 34. Qe3 e5 35. Rg4 exd4 36. cxd4 h5 37. Rf4 Qg6 0-1


[Site "https://www.chess.com"]

[Event "Titled Tuesday Blitz October 31 Late 2023"]
[White "Michalski, Olaf"]
[Black "subham777"]
[WhiteFideId "1106740"]
[WhiteElo "2113"]
[BlackElo "2524"]
[Result "1-0"]
[Round "3"]
[TimeControl "180+1"]
[Date "2023.10.31"]
[WhiteClock "0:00:10"]
[BlackClock "0:00:04"]
[Board "117"]

1. d4 d5 2. c4 e6 3. Nc3 Nf6 4. Bg5 Be7 5. e3 O-O 6. Rc1 a6 7. Nf3 Ne4 8. Nxe4 dxe4 9. Bxe7 Qxe7 10. Nd2 f5 11. c5 Nd7 12. Nc4 Nf6 13. Ne5 f4 14. exf4 Nd5 15. g3 e3 16. f3 b6 17. Bc4 bxc5 18. Bxd5 exd5 19. Rxc5 a5 20. Qb3 Be6 21. Qxe3 Rab8 22. Nc6 Qd6 23. Nxb8 Rxb8 24. O-O Rxb2 25. Rfc1 Qa6 26. Rc6 Qe2 27. Qxe6+ Qxe6 28. Rxe6 Rxa2 29. Rxc7 h6 30. Rd6 a4 31. Rxd5 a3 32. Ra5 Ra1+ 33. Kg2 Ra2+ 34. Kh3 Kh7 35. Rca7 Rd2 36. Rxa3 Rxd4 37. R3a6 Rd3 38. Kg2 Rd2+ 39. Kh3 Rd3 40. Kg4 Rd2 41. h4 Rd5 42. h5 Rd1 43. Rg6 Rd5 44. Rgxg7+ Kh8 45. Rh7+ Kg8 46. Rxh6 Rd1 47. Rb6 Rd8 48. Rab7 Rd1 49. h6 Kh8 50. Rf6 Rd8 51. Rff7 Rg8+ 52. Kh3 Ra8 53. Rh7+ Kg8 54. Rbg7+ Kf8 55. Rh8# 1-0


[Site "https://www.chess.com"]

[Event "Titled Tuesday Blitz October 31 Late 2023"]
[White "TimGrutter03"]
[Black "Djordjevic, Dejan N"]
[BlackFideId "913316"]
[WhiteElo "2523"]
[BlackElo "2032"]
[Result "1-0"]
[Round "3"]
[TimeControl "180+1"]
[Date "2023.10.31"]
[WhiteClock "0:02:20"]
[BlackClock "0:02:07"]
[Board "118"]

1. d4 Nf6 2. Qd3 d6 3. e4 a6 4. Nc3 b5 5. a3 Bb7 6. f4 e6 7. Nf3 Nbd7 8. e5 Nd5 9. Ne4 N5b6 10. Neg5 h6 11. Nxe6 fxe6 12. Qg6+ Ke7 13. Ng5 Qe8 14. Qxe6+ Kd8 15. Nf7+ 1-0


[Site "https://www.chess.com"]

[Event "Titled Tuesday Blitz October 31 Late 2023"]
[White "Burke, Paul"]
[Black "Sturt, Raven"]
[WhiteFideId "2605767"]
[BlackFideId "2007304"]
[WhiteElo "1890"]
[BlackElo "2521"]
[Result "0-1"]
[Round "3"]
[TimeControl "180+1"]
[Date "2023.10.31"]
[WhiteClock "0:00:00"]
[BlackClock "0:01:20"]
[Board "119"]

1. e4 e5 2. Nf3 Nc6 3. Bc4 Nf6 4. d4 exd4 5. O-O Nxe4 6. Re1 d5 7. Bxd5 Qxd5 8. Nc3 Qh5 9. Nxe4 Be7 10. Ng3 Qd5 11. c3 Bg4 12. cxd4 O-O-O 13. Be3 Bf6 14. Qa4 h5 15. Rac1 Bxf3 16. gxf3 Qxf3 17. Rxc6 Qxc6 18. Qxa7 h4 19. Rc1 Qa6 20. Qc5 Rd7 21. Ne4 Be7 0-1


[Site "https://www.chess.com"]

[Event "Titled Tuesday Blitz October 31 Late 2023"]
[White "PapaieDudu"]
[Black "Vargas, Mauricio"]
[BlackFideId "4404572"]
[WhiteElo "2315"]
[BlackElo "1856"]
[Result "1-0"]
[Round "3"]
[TimeControl "180+1"]
[Date "2023.10.31"]
[WhiteClock "0:02:25"]
[BlackClock "0:00:00"]
[Board "120"]

1. e4 c5 2. Nf3 Nc6 3. d4 cxd4 4. Nxd4 Nxd4 5. Qxd4 d6 6. c4 Qa5+ 7. Nc3 Nf6 8. Bd2 Bg4 9. h3 Bh5 10. g4 Bg6 11. f4 e6 12. f5 exf5 13. exf5 Bxf5 14. gxf5 Qxf5 15. O-O-O Ke7 16. Bd3 Qd7 17. Bg5 Kd8 18. Nd5 Be7 19. Nxe7 Qxe7 20. c5 Rc8 21. Kb1 Rxc5 22. Rhe1 Qc7 23. Bxf6+ gxf6 24. Qxf6+ Kd7 25. Qxh8 Kc6 26. Rc1 Kb6 27. Rxc5 dxc5 28. Qf6+ 1-0


[Site "https://www.chess.com"]

[Event "Titled Tuesday Blitz October 31 Late 2023"]
[White "Todorovic, Bojan"]
[Black "Pruijssers, Roeland"]
[WhiteFideId "917087"]
[BlackFideId "1013068"]
[WhiteElo "2405"]
[BlackElo "2621"]
[Result "0-1"]
[Round "3"]
[TimeControl "180+1"]
[Date "2023.10.31"]
[WhiteClock "0:00:00"]
[BlackClock "0:00:15"]
[Board "121"]

1. Nf3 f5 2. g3 Nf6 3. Bg2 g6 4. O-O Bg7 5. b3 O-O 6. Bb2 d6 7. d4 Ne4 8. Nbd2 Nc6 9. c4 Nxd2 10. Qxd2 e5 11. dxe5 dxe5 12. Qxd8 Rxd8 13. e4 f4 14. Rfd1 Bg4 15. Rd5 Be6 16. Rdd1 h6 17. h4 Kf7 18. Kh2 Bf6 19. Bh3 h5 20. Bxe6+ Kxe6 21. Rd5 Nb4 22. Rb5 Nd3 23. Ba3 b6 24. Rd5 Nxf2 25. Re1 Ng4+ 26. Kg2 Ne3+ 27. Rxe3 fxe3 28. Kf1 c6 29. Rxd8 Rxd8 30. Ke2 b5 31. cxb5 cxb5 32. Bc5 a6 33. Bxe3 Be7 34. Nd2 a5 35. Nb1 Rc8 36. Kd3 Bc5 37. Bd2 Rd8+ 38. Ke2 Bb4 39. Be3 a4 40. a3 Be7 41. bxa4 bxa4 42. Nc3 Ra8 43. Nb1 Rb8 44. Nc3 Rb2+ 45. Kd3 Rb3 46. Kc4 Rxa3 47. Bc1 Ra1 48. Ne2 Rb1 49. Bd2 a3 50. Nc3 Rb2 51. Bc1 Rc2 0-1


[Site "https://www.chess.com"]

[Event "Titled Tuesday Blitz October 31 Late 2023"]
[White "Chan, Luis"]
[Black "Nikolova, Adriana"]
[WhiteFideId "3216357"]
[BlackFideId "2908689"]
[WhiteElo "2566"]
[BlackElo "2397"]
[Result "1-0"]
[Round "3"]
[TimeControl "180+1"]
[Date "2023.10.31"]
[WhiteClock "0:00:34"]
[BlackClock "0:00:00"]
[Board "122"]

1. b3 d5 2. Bb2 Nf6 3. e3 a6 4. Nf3 c5 5. d4 Nc6 6. Be2 g6 7. O-O cxd4 8. Nxd4 Bg7 9. c4 dxc4 10. Nxc6 Qxd1 11. Rxd1 bxc6 12. Bxc4 O-O 13. Nd2 a5 14. Nf3 Bg4 15. Rac1 a4 16. b4 a3 17. Bd4 Rab8 18. Bc5 Rfe8 19. Ne5 Bxd1 20. Bxf7+ Kh8 21. Bxe8 Nxe8 22. Nxc6 Rc8 23. Rxd1 Rxc6 24. Rd8 Bf6 25. Rxe8+ Kg7 26. Ra8 Bb2 27. Ra7 Kf6 28. Bxe7+ Ke5 29. Bc5 Ke4 30. Rd7 g5 31. Kf1 g4 32. Ke2 h5 33. Rh7 Kd5 34. Kd3 Rc8 35. Rxh5+ Kc6 36. Kc4 1-0


[Site "https://www.chess.com"]

[Event "Titled Tuesday Blitz October 31 Late 2023"]
[White "UK_23"]
[Black "maksimys18"]
[WhiteElo "2378"]
[BlackElo "2500"]
[Result "0-1"]
[Round "3"]
[TimeControl "180+1"]
[Date "2023.10.31"]
[WhiteClock "0:00:13"]
[BlackClock "0:00:13"]
[Board "123"]

1. e4 e6 2. d4 d5 3. exd5 exd5 4. Nf3 c6 5. c4 Bd6 6. Nc3 Ne7 7. Bd3 O-O 8. O-O dxc4 9. Bxc4 Bf5 10. Bg5 Nd7 11. Re1 Kh8 12. Ne5 Nxe5 13. dxe5 Bc5 14. Qb3 f6 15. exf6 gxf6 16. Bh6 Qd4 17. Bxf8 Qxf2+ 18. Kh1 Rxf8 19. Qxb7 Bh3 20. Rg1 Bc8 21. Qc7 Qd4 22. Bb3 Bd6 23. Qa5 c5 24. Rad1 Qf4 25. Rxd6 Qxd6 26. Rd1 Qe5 27. Qxa7 Nf5 28. Bc2 Rg8 29. Qf7 Be6 30. Qb7 Qf4 31. a4 Qh4 32. Bxf5 Bxf5 33. Qf3 Bg4 34. Qf4 h5 35. Rf1 f5 36. h3 Kh7 37. Nd5 Rg6 38. Ne3 Rf6 39. Kg1 Kg6 40. hxg4 hxg4 41. Nd5 Rf7 42. Qd6+ Kg7 43. Nf4 g3 44. Qg6+ Kh8 45. Nh3 Rf6 46. Qe8+ Kg7 47. Qe7+ Kg6 48. Rf4 Qh5 49. Qe8+ Rf7 50. Qg8+ Kf6 51. Qd8+ Kg6 52. Qd6+ Rf6 53. Qd2 Re6 54. Rf1 Re2 55. Nf4+ Kf7 56. Qxe2 Qh2# 0-1


[Site "https://www.chess.com"]

[Event "Titled Tuesday Blitz October 31 Late 2023"]
[White "Reprintsev, Alexander"]
[Black "KorolDimitriy75"]
[WhiteFideId "14100541"]
[WhiteElo "2496"]
[BlackElo "2357"]
[Result "1-0"]
[Round "3"]
[TimeControl "180+1"]
[Date "2023.10.31"]
[WhiteClock "0:01:22"]
[BlackClock "0:00:00"]
[Board "124"]

1. e4 c5 2. b3 Nc6 3. Bb2 d6 4. Bb5 Bd7 5. Ne2 e5 6. d3 g6 7. Nd2 Bg7 8. f4 Nge7 9. O-O O-O 10. c4 f5 11. Nf3 Nd4 12. Bxd7 Qxd7 13. Nfxd4 cxd4 14. Ng3 Rae8 15. fxe5 dxe5 16. Ba3 f4 17. Nh1 g5 18. Nf2 Rf6 19. Bxe7 Qxe7 20. h3 Qf7 21. b4 h5 22. Rc1 Bh6 23. c5 Rf8 24. Qb3 Qxb3 25. axb3 f3 26. g3 g4 27. Ra1 Be3 28. Rxa7 h4 29. Kh2 hxg3+ 30. Kxg3 Bf4+ 31. Kxg4 Rg6+ 32. Kxf3 Be3+ 33. Ke2 Rg2 34. Rxb7 Rfxf2+ 35. Rxf2 Rxf2+ 36. Ke1 Rc2 37. Re7 Rc3 38. Rxe5 Rxb3 39. c6 Rc3 40. b5 Kf7 41. h4 Kf6 42. Re8 1-0


[Site "https://www.chess.com"]